 Dungeon Crawl Stone Soup version 0.18-a0-1323-g706dcef (webtiles) character file.

961 GrosslyIncandescent the Skirmisher (level 7, -2/57 HPs)
             Began as a Mummy Monk on Feb 15, 2016.
             Slain by an orc warrior
             ... wielding a +0 short sword
              (12 damage)
             ... on level 6 of the Dungeon.
             The game lasted 00:13:25 (8423 turns).

GrosslyIncandescent the Skirmisher (Mummy Monk)     Turns: 8423, Time: 00:13:26

Health: -2/57      AC:  4    Str: 15    XL:     7   Next: 92%
Magic:  7/7        EV: 10    Int:  9    God:
Gold:   190        SH:  0    Dex: 16    Spells: 0 memorised, 6 levels left

rFire  x . .     SeeInvis .       - Unarmed
rCold  + . .     Gourm    .     (no armour)
rNeg   + + +     Faith    .     (no shield)
rPois  ∞         Spirit   .     m - +0 helmet
rElec  .         Dismiss  .     o - +0 cloak
rCorr  .         Reflect  .     l - +0 pair of gloves
SustAt .         Harm     .     e - +0 pair of boots
MR     .....                    (no amulet)
Stlth  ++........               (no ring)
                                (no ring)

@: not resistant to hostile enchantments, unstealthy
A: no food or potions, fire vulnerability, cold resistance 1, negative energy
resistance 3, torment resistance, unbreathing
a: no special abilities


You were on level 6 of the Dungeon.
You were not hungry.

You visited 1 branch of the dungeon, and saw 6 of its levels.
You also visited: Sewer.

You collected 190 gold pieces.


Innate Abilities, Weirdness & Mutations

You do not eat or drink.
Your flesh is vulnerable to fire.
You are immune to poison.
Your flesh is cold resistant.
You are immune to negative energy.
You are immune to unholy pain and torment.
You can survive without breathing.


   Skills:
 - Level 5.7 Fighting
 - Level 5.0 Dodging
 - Level 1.5 Stealth
 + Level 5.6 Unarmed Combat


You had 6 spell levels left.
You didn't know any spells.

Inventory:

Armour
 e - a +0 pair of boots (worn)
 l - a +0 pair of gloves (worn)
 m - a +0 helmet (worn)
 n - the +7 large shield "Xubbiluq" {+Blink rN+ Dex+2, Friend for later}

   It affects your dexterity (+2).
   It protects you from negative energy.
   It lets you blink.
 o - a +0 cloak (worn)
 r - a +0 buckler {Infamous}
Scrolls
 a - 3 scrolls of identify {unknown}
 b - a scroll of noise {unknown}
 c - 7 scrolls of teleportation {@r4}
 d - 2 scrolls of immolation {unknown}
 f - 5 scrolls of remove curse
 g - a scroll of random uselessness {unknown}
 h - a scroll of magic mapping {unknown}
 i - 2 scrolls of recharging {unknown}
 j - 2 scrolls of amnesia {unknown}
 k - a scroll of fear {unknown}
 p - a scroll of enchant armour {unknown}
Books
 q - a book of Minor Magic (quivered) {Ward against Fire, kinda I guess}

   Spells                             Type                      Level
   a - Magic Dart                     Conjuration                  1
   b - Blink                          Translocation                2
   c - Call Imp                       Summoning                    2
   d - Repel Missiles                 Charms/Air                   2
   e - Slow                           Hexes                        2
   f - Conjure Flame                  Conjuration/Fire             3
   g - Mephitic Cloud                 Conjuration/Poison/Air       3

Dungeon Overview and Level Annotations

Branches:
Dungeon (6/15)             Temple (0/1) D:4

Altars:
Ashenzari
Gozag
Makhleb
Ru
Vehumet
Yredelemnul

Shops:
D:5 %

Annotations:
D:4 exclusions: downstairs and ogre
D:5 exclusion: downstairs
D:6 exclusion: ogre

▒▒▒▒▒▒▒▒▒▒▒▒▒▒▒▒▒▒▒
..................▒
▒▒▒▒▒▒▒▒▒▒▒▒▒▒▒▒▒.▒ ▒..o)..▒.▒
▒.▒▒▒.▒▒▒▒:▒.▒
▒..........▒'▒▒▒▒▒▒ ▒
▒▒▒▒▒.▒▒▒▒o.[[....▒ ▒▒▒▒
▒....'.@......▒ ▒...
▒▒▒▒▒▒▒▒........▒▒▒▒▒▒▒...
.......'........+.....'...
▒▒▒▒▒▒▒▒........▒▒▒▒▒▒▒... ▒
▒▒▒▒▒▒▒▒▒......o....▒▒ ▒... .
........'............▒ ▒... ▒
▒▒▒▒▒▒▒▒▒▒............▒▒▒...
...▒▒▒........▒▒▒....▒▒.....▒▒▒▒▒
...'..........'..../.''..........


You could see an orc warrior and an orc wizard.


Message History

The orc warrior is lightly wounded.
The orc warrior hits you with a short sword.
You hit the orc warrior.
The orc warrior is moderately wounded.
The orc warrior hits you with a short sword!!
You hit the orc warrior.
The orc warrior is heavily wounded.
You hit the orc warrior but do no damage.
The orc warrior is heavily wounded.
The orc warrior barely misses you.
You hit the orc warrior.
The orc warrior is severely wounded.
The orc warrior hits you with a short sword!
* * * LOW HITPOINT WARNING * * *
You are too injured to fight recklessly!
You are too injured to fight recklessly!
You are too injured to fight recklessly!
You see here a book of the Earth.
Things that are here:
a flail; a leather armour You see here a book of the Earth.
The orc warrior hits you with a short sword!
* * * LOW HITPOINT WARNING * * *
Things that are here:
a flail; a leather armour An orc wizard comes into view.
It is wielding a dagger.
There is an escape hatch in the ceiling here.
The orc wizard shouts!
The orc warrior hits you with a short sword!
You die...

Action                   |  1- 3 |  4- 6 |  7- 9 || total
-------------------------+-------+-------+-------++-------
Melee: Unarmed           |   135 |   414 |   112 ||   661
  Use: Scroll            |       |     2 |       ||     2
 Stab: Sleeping          |     5 |     4 |     1 ||    10
       Distracted        |     1 |     1 |       ||     2

Vault maps used:
D:1:      minmay_arrival_doors, minmay_misc_feat_enclosed
D:2:      first_bread, dk_noncrumbling_4, hex_medium
D:3:      grunt_temple_overflow_lords_of_destruction, hangedman_decor_points
D:4:      yredelemnul_altar_generic, minmay_temple_entry_fiery,
          grunt_gozag_statues, uniq_sigmund
D:5:      serial_shops, shop, gup_sewer_entry_pipe
D:6:      nicolae_overflow_hidden_temple, nicolae_ru_awakened_eye,
          nicolae_ashenzari_panopticon
Sewer:    sewer_fruit_machine

Notes
Turn   | Place    | Note
--------------------------------------------------------------
     0 | D:1      | GrosslyIncandescent the Mummy Monk began the quest for the Orb.
     0 | D:1      | Reached XP level 1. HP: 18/18 MP: 1/1
   167 | D:1      | Reached XP level 2. HP: 17/24 MP: 2/2
   438 | D:1      | Reached skill level 4 in Unarmed Combat
   540 | D:1      | Reached XP level 3. HP: 27/29 MP: 3/3
  1597 | D:2      | Reached XP level 4. HP: 22/35 MP: 4/4
  2213 | D:3      | Reached skill level 5 in Unarmed Combat
  2739 | D:3      | Found a radiant altar of Vehumet.
  2740 | D:3      | Found a burning altar of Makhleb.
  2748 | D:3      | Reached XP level 5. HP: 25/41 MP: 5/5
  2750 | D:3      | ow
  2899 | D:4      | Noticed an ogre
  3039 | D:4      | Reached skill level 4 in Fighting
  3265 | D:4      | Found an opulent altar of Gozag.
  3273 | D:4      | Found a basalt altar of Yredelemnul.
  3857 | D:4      | Found a staircase to the Ecumenical Temple.
  4133 | D:5      | Entered Level 5 of the Dungeon
  4189 | D:5      | Got an ancient large shield
  4195 | D:5      | Identified the +7 large shield "Xubbiluq" {+Blink rN+ Dex+2} (You found it on level 5 of the Dungeon)
  4205 | D:5      | Found Suwom's Food Emporium.
  4283 | D:5      | Found a glowing drain.
  4346 | Sewer    | Entered a sewer
  4744 | Sewer    | >tfw no free xp
  4879 | D:5      | Reached skill level 5 in Fighting
  4879 | D:5      | Reached XP level 6. HP: 22/51 MP: 6/6
  5162 | D:5      | hmm
  6302 | D:6      | Noticed an orc warrior
  6307 | D:6      | Found a sacrificial altar of Ru.
  6315 | D:6      | Reached skill level 3 in Dodging
  6397 | D:6      | HP: 4/52 [orc warrior/battleaxe (18)]
  6418 | D:6      | what a waste
  6780 | D:6      | Found a shattered altar of Ashenzari.
  7015 | D:6      | Noticed an orc warrior
  7062 | D:5      | Reached XP level 7. HP: 14/57 MP: 7/7
  7354 | D:6      | Reached skill level 4 in Dodging
  7940 | D:5      | Reached skill level 5 in Dodging
  8423 | D:6      | Slain by an orc warrior

Vanquished Creatures
  An ogre (D:5)
  A centaur (D:6)
  3 giant frogs (D:6)
  3 scorpions (D:5)
  2 crimson imps
  An orc priest (D:6)
  5 worker ants
  9 adders
  An ooze (D:3)
  4 worms
  10 giant geckos
  17 orcs
  8 giant cockroaches
  11 goblins
  6 hobgoblins
  11 jackals
  6 kobolds
  3 quokkas
  4 ball pythons
  12 bats
  A giant gecko zombie (D:5)
  3 giant newts
  A jackal skeleton (D:5)
  A quokka zombie (D:5)
  5 rats
129 creatures vanquished.
